 Dungeon Crawl Stone Soup version 0.30.0 (webtiles) character file.

Game seed: 9729823388482967059

0 Esekla the Grasshopper (level 1, 14/14 HPs)
             Began as a Draconian Wanderer on May 6, 2023.
             Got out of the dungeon alive.
             The game lasted 00:00:36 (82 turns).

Esekla the Grasshopper (Draconian Wanderer)           Turns: 82, Time: 00:00:36

Health: 14/14      AC:  5    Str: 10    XL:     1   Next: 8%
Magic:  2/2        EV: 10    Int: 17    God:
Gold:   10         SH:  6    Dex:  9    Spells: 1/2 levels left

rFire   . . .        a - +0 club
rCold   . . .        d - +2 buckler
rNeg    . . .        (body armour unavailable)
rPois   .            (helmet restricted)
rElec   .            (no cloak)
rCorr   .            (no gloves)
SInv    .            b - +0 pair of boots
Will    .....        (no amulet)
Stlth   ++           (no ring)
HPRegen 0.22/turn    (no ring)
MPRegen 0.08/turn

%: no passive effects
@: no status effects
A: AC +4, unfitting armour, cold-blooded
a: no special abilities


You escaped.
You visited 1 branch of the dungeon, and saw 1 of its levels.

You collected 10 gold pieces.

Inventory:

Hand Weapons
 a - a +0 club (weapon)
Missiles
 g - 4 javelins
Armour
 b - a +0 pair of boots (worn)
 d - a +2 buckler (worn)
Scrolls
 c - a scroll of vulnerability
 e - a scroll of blinking {unknown}
 f - 2 scrolls of enchant armour {unknown}
 h - a scroll of torment {unknown}


   Skills:
 + Level 1.7 Stealth
 + Level 3.0 Shields
 + Level 1.0 Spellcasting
 + Level 4.0 Translocations


You had one spell level left.
You knew the following spells:

 Your Spells              Type           Power      Damage    Failure   Level
a - Apportation           Tloc           28%        N/A       6%          1

Your spell library contained the following spells:

 Spells                   Type           Power      Damage    Failure   Level
 Volatile Blastmotes      Fire/Tloc      14%        2d11      38%         3


Dungeon Overview and Level Annotations

Branches:
Dungeon (1/15)

Altars:


Innate Abilities, Weirdness & Mutations

Your plain brown scales are hard. (AC +4)
You cannot fit into any form of body armour.
You are cold-blooded and may be slowed by cold attacks.


Message History

Welcome, Esekla the Draconian Wanderer.
A smirking vizier told you that the Orb of Zot is just within this dungeon.
Press ? for a list of commands and other information.
Found a scroll labelled VIKHUIMUER and a chain mail.
Found a staircase leading out of the dungeon.
You begin with the following items: a +0 club, a +0 pair of boots, a scroll of vulnerability, a +2 buckler; and the following spell memorised: Apportation; and the following spells available to memorise: Volatile Blastmotes.
Found 2 scrolls labelled BITHAEHISCH.
Found a mace.
e - a scroll labelled VIKHUIMUER
Found 4 javelins.
f - 2 scrolls labelled BITHAEHISCH You see here 4 javelins.
g - 4 javelins
Found 10 gold pieces.
You see here a +0 chain mail.
Found a stone.
Found a scroll labelled PUH XASOZISM.
A frilled lizard comes into view.
You see here 10 gold pieces.
You now have 10 gold pieces.
The frilled lizard hisses angrily.
A quokka comes into view.
The frilled lizard attacks as you move away!
The frilled lizard bites you but does no damage.
You closely miss the frilled lizard.
The frilled lizard bites you but does no damage.
You hit the frilled lizard.
You kill the frilled lizard!
You see here a frilled lizard corpse.
h - a scroll labelled PUH XASOZISM
There are no items here.
You see here a frilled lizard corpse.
The quokka bites you. The quokka attacks as you move away!
The quokka barely misses you.
There is a staircase leading out of the dungeon here.
Are you sure you want to leave the Dungeon?
This will make you lose the game!
HP restored.
The quokka closely misses you. You block the quokka's attack.
You have escaped!

.....####..........#
......†...........##
.(...####..........#
...................#
.....####..[.......#####
....## #..............##
##### #..........###..##
##.....r.........#
##.....@#.......#
####..##...§§.≈#
##.........≈≈#
#.#...≈§≈≈.§≈#
#..§.≈≈≈≈§≈≈≈#
#.§≈§§≈≈§≈§§≈#
#.§≈≈§§≈§≈§≈≈#
#..§≈≈≈≈≈§§§≈#
#..≈§§§§≈≈§≈§


You could see a quokka.

Vanquished Creatures
  A frilled lizard (D:1)
1 creature vanquished.

Notes
Turn   | Place    | Note
-------+----------+-------------------------------------------
     0 | D:1      | Esekla the Draconian Wanderer began the quest for the Orb.
     0 | D:1      | Esekla set off with the following items: a +0 club, a +0
                  | pair of boots, a scroll of vulnerability, a +2 buckler; and
                  | the following spell memorised: Apportation; and the
                  | following spells available to memorise: Volatile
                  | Blastmotes.
     0 | D:1      | Reached XP level 1. HP: 14/14 MP: 2/2
    82 | D:$      | Got out of the dungeon alive.

Illustrated notes

Levels and vault maps discovered:
D:1:      dpeg_arrival_lava_altar, layout_rooms,
          dreamdust_ecumenical_altar_drowned_temple

Action                     || total
---------------------------++-------
  Melee: Club              ||     2
 Armour: Skin              ||     2
  Dodge: Dodged            ||     2
  Block: Buckler           ||     1
